[Event "fics rated crazyhouse match"]
[Site "fics, Oklahoma City, OK USA"]
[Date "2000.01.18"]
[White "pminear"]
[WhiteElo "2313"]
[Black "Pendor"]
[BlackElo "2111"]
[TimeControl "60+0"]
[Result "1-0"]

1. e4 Nc6 2. Nc3 e6 3. d4 d5 4. exd5 exd5 5. Nf3 Bb4 6. Bb5 
Qe7+ 7. Ne5 Bd7 8. Bxc6 bxc6 9. Qe2 P@a3 10. Nxd7 Bxc3+ 11. bxc3 Qxe2+ 
12. Kxe2 B@g4+ 13. f3 Bxd7 14. N@e5 Nf6 15. B@b4 N@d6 16. Bxd6 cxd6 17. N@c7+ 
Kf8 18. Nxa8 dxe5 19. Q@d8# 
{Pendor resigns} 1-0

[Event "fics rated crazyhouse match"]
[Site "fics, Oklahoma City, OK USA"]
[Date "2000.01.18"]
[White "Pendor"]
[WhiteElo "2105"]
[Black "pminear"]
[BlackElo "2317"]
[TimeControl "60+0"]
[Result "0-1"]

1. e4 Nc6 2. d4 d5 3. exd5 Qxd5 4. Nc3 Qxd4 5. Be3 Qxd1+ 6. Rxd1 
P@d6 7. Bc4 e6 8. Nf3 Nf6 9. Ng5 P@d4 10. Bxd4 Nxd4 11. Rxd4 Q@e5+ 
12. Q@e3 Qxe3+ 13. fxe3 Q@e5 14. Q@f4 Qxf4 15. exf4 B@e3 16. Nxf7 Q@f2+ 17. Kd1 
Bxd4 18. Q@d8+ Kxf7 19. N@g5+ Kg6 20. Qxf6+ gxf6 21. Bd3+ f5 22. P@h5+ Kf6 
23. N@e8+ Ke7 24. P@f6+ Kxe8 25. Kc1 Be3+ 26. Kb1 N@d2+ 27. Ka1 Nb3# 
{Pendor forfeits on time} 0-1

[Event "fics rated crazyhouse match"]
[Site "fics, Oklahoma City, OK USA"]
[Date "2000.01.18"]
[White "pminear"]
[WhiteElo "2321"]
[Black "Pendor"]
[BlackElo "2099"]
[TimeControl "60+0"]
[Result "1-0"]

1. e4 e6 2. Nc3 d5 3. exd5 exd5 4. Bb5+ c6 5. Qe2+ Be7 6. Ba4 
Nf6 7. d4 O-O 8. Bf4 P@c7 9. P@e5 Ng4 10. Nh3 c5 11. dxc5 Bxc5 
12. O-O Nc6 13. Rad1 d4 14. Ne4 Be7 15. Bxc6 bxc6 16. f3 P@f5 17. Ng3 
Nxh2 18. Kxh2 P@g4 19. fxg4 fxg4 20. P@h6 gxh3 21. gxh3 P@h4 22. hxg7 hxg3+ 
23. Bxg3 B@g6 24. gxf8=Q+ Qxf8 25. N@f6+ Bxf6 26. exf6 P@h4 27. Bxh4 Bxh3 28. P@g7 
Qxg7 29. fxg7 N@f3+ 30. Qxf3 Kxg7 31. Qf6+ Kf8 32. Q@e7# 
{Pendor forfeits on time} 1-0

[Event "fics rated crazyhouse match"]
[Site "fics, Oklahoma City, OK USA"]
[Date "2000.01.18"]
[White "Pendor"]
[WhiteElo "2093"]
[Black "pminear"]
[BlackElo "2325"]
[TimeControl "60+0"]
[Result "0-1"]

1. e3 d5 2. b3 e5 3. Bb2 Bd6 4. Nf3 Nc6 5. Bb5 f6 6. Nc3 
Be6 7. O-O a6 8. Bxc6+ bxc6 9. Ne2 Ne7 10. Ng3 Ng6 11. e4 d4 
12. c3 dxc3 13. Bxc3 B@g4 14. d4 exd4 15. Bxd4 Bxf3 16. gxf3 Nf4 17. P@g2 
P@h3 18. B@e3 hxg2 19. Bxf4 N@h3+ 20. Kxg2 Nxf4+ 21. Kg1 P@g2 22. Re1 P@h4 
23. Ne2 Nxe2+ 24. Qxe2 N@h3+ 25. Kxg2 Nf4+ 26. Kf1 Bh3+ 27. Kg1 Nxe2+ 28. Rxe2 
Q@g2# 
{Pendor checkmated} 0-1

[Event "fics rated crazyhouse match"]
[Site "fics, Oklahoma City, OK USA"]
[Date "2000.01.18"]
[White "pminear"]
[WhiteElo "2328"]
[Black "Pendor"]
[BlackElo "2088"]
[TimeControl "60+0"]
[Result "1-0"]

1. e4 d6 2. d4 Nf6 3. Nc3 g6 4. Bf4 Bg7 5. Qd2 O-O 6. f3 
c5 7. dxc5 dxc5 8. Rd1 Qxd2+ 9. Rxd2 Nc6 10. Q@d1 Nh5 11. Be3 P@f4 
12. Bf2 Bxc3 13. bxc3 N@e3 14. Qe2 Q@c1+ 15. B@d1 Nxd1 16. Rxd1 Qb2 17. N@d5 
B@a5 18. Bxc5 Bxc3+ 19. P@d2 Bf6 20. Nxf6+ Nxf6 21. B@f2 P@e3 22. Bcxe3 fxe3 
23. Bxe3 Qxc2 24. P@g5 Nh5 25. g4 P@g3 26. gxh5 B@f2+ 27. Bxf2 gxf2+ 28. Kxf2 
N@f4 29. Qe3 Nxh5 30. N@h6+ Kh8 31. B@a1+ B@g7 32. Bxg7+ Nxg7 33. P@f6 B@c5 
34. fxg7+ Kxg7 35. P@f6+ exf6 36. gxf6+ Kxf6 37. Ng4# 
{Pendor forfeits on time} 1-0

[Event "fics rated crazyhouse match"]
[Site "fics, Oklahoma City, OK USA"]
[Date "2000.01.18"]
[White "Pendor"]
[WhiteElo "2083"]
[Black "pminear"]
[BlackElo "2331"]
[TimeControl "60+0"]
[Result "0-1"]

1. Nf3 d5 2. d4 Nf6 3. Bg5 Bf5 4. Nc3 Ne4 5. Ne5 Nxc3 6. bxc3 
N@e4 7. Nxf7 Kxf7 8. N@e5+ Ke6 9. g4 Nxg5 10. gxf5+ Kxf5 11. B@h3+ Kf6 
12. e4 e6 13. Qg4 N@h6 14. Qxg5+ Kxg5 15. N@f7+ Nxf7 16. Nxf7+ Kf6 17. Nxd8 
N@f3+ 18. Ke2 Q@d2+ 19. Kxf3 B@h5+ 20. P@g4 dxe4+ 21. Kg2 P@f3+ 22. Kg1 P@e3 
23. N@d5+ Kg6 
{Pendor forfeits on time} 0-1

[Event "fics rated crazyhouse match"]
[Site "fics, Oklahoma City, OK USA"]
[Date "2000.01.18"]
[White "Firefly"]
[WhiteElo "2492"]
[Black "Tecumseh"]
[BlackElo "2260"]
[TimeControl "180+0"]
[Result "1-0"]

1. e4 Nc6 2. d4 d5 3. exd5 Qxd5 4. Nf3 Bg4 5. Be3 e5 6. Be2 
Rd8 7. Nc3 Bb4 8. dxe5 Bxf3 9. Bxf3 Qxe5 10. Bxc6+ bxc6 11. P@d7+ Rxd7 
12. Qxd7+ Kxd7 13. N@b8+ Kd8 14. Nxc6# 
{Tecumseh resigns} 1-0

[Event "fics rated crazyhouse match"]
[Site "fics, Oklahoma City, OK USA"]
[Date "2000.01.18"]
[White "Tecumseh"]
[WhiteElo "2257"]
[Black "Firefly"]
[BlackElo "2495"]
[TimeControl "180+0"]
[Result "0-1"]

1. e4 e6 2. d4 Nc6 3. Nf3 Nf6 4. Bd3 d5 5. e5 Ne4 6. Nbd2 
Nxf2 7. Kxf2 Nxd4 8. Nxd4 Qh4+ 9. Kf1 Qxd4 10. Nf3 Qg4 11. N@f2 Qa4 
12. N@c3 Qd7 13. Bb5 P@c6 14. Be2 Bc5 15. Nd3 Bb6 16. Na4 P@e4 17. Ndc5 
Qe7 18. Bg5 f6 19. exf6 gxf6 20. Bxf6 Qxf6 21. P@e5 N@e3+ 22. Ke1 Nxg2+ 
23. Kf2 Bxc5+ 24. Nxc5 B@e3+ 25. Kxg2 N@f4+ 26. Kg3 Rg8+ 27. P@g5 Rxg5# 
{Tecumseh resigns} 0-1

[Event "fics rated crazyhouse match"]
[Site "fics, Oklahoma City, OK USA"]
[Date "2000.01.18"]
[White "Firefly"]
[WhiteElo "2498"]
[Black "Tecumseh"]
[BlackElo "2254"]
[TimeControl "180+0"]
[Result "1-0"]

1. e4 Nc6 2. Nf3 Nf6 3. e5 Ne4 4. Qe2 d5 5. d3 Nxf2 6. Qxf2 
d4 7. Be2 P@e3 8. Qg3 h5 9. O-O h4 10. Nxh4 Rxh4 11. P@g6 Be6 
12. Rxf7 Nxe5 13. Qxe5 P@f2+ 14. Kh1 Qd5 15. Qxc7 Rc8 16. P@d7+ Bxd7 17. N@d6+ 
Qxd6 18. Qxd6 Rxh2+ 19. Qxh2 
{Tecumseh forfeits on time} 1-0

[Event "fics rated crazyhouse match"]
[Site "fics, Oklahoma City, OK USA"]
[Date "2000.01.18"]
[White "Tecumseh"]
[WhiteElo "2251"]
[Black "Firefly"]
[BlackElo "2501"]
[TimeControl "180+0"]
[Result "0-1"]

1. e4 Nc6 2. d4 Nf6 3. e5 Ne4 4. Bd3 Nxf2 5. Kxf2 Nxd4 6. Be3 
Nc6 7. Nf3 P@g4 8. Ng5 Nxe5 9. N@c4 Nxc4 10. Bxc4 e6 11. Qxg4 P@f6 
12. Nxf7 Kxf7 13. P@f5 N@e5 14. P@g6+ hxg6 15. fxg6+ Nxg6 16. Qxg6+ Kxg6 17. N@f4+ 
Kf7 18. P@g6+ Ke7 19. N@d5+ Ke8 20. Nxe6 dxe6 21. P@f7+ Kd7 22. Nf4 N@g4+ 
23. Ke2 Nxe3 24. Bxe6+ Kc6 25. P@d5+ Kb6 26. Kxe3 Bc5+ 27. Ke2 Q@e3# 
{Tecumseh resigns} 0-1

[Event "fics rated crazyhouse match"]
[Site "fics, Oklahoma City, OK USA"]
[Date "2000.01.18"]
[White "Firefly"]
[WhiteElo "2504"]
[Black "Tecumseh"]
[BlackElo "2248"]
[TimeControl "180+0"]
[Result "1-0"]

1. e4 e6 2. Nc3 Nf6 3. e5 Nd5 4. Nxd5 exd5 5. Nf3 d6 6. d4 
Nc6 7. Bb5 N@e4 8. Qe2 Be7 9. N@h5 Rg8 10. Bxc6+ bxc6 11. exd6 cxd6 
12. P@d3 B@g6 13. dxe4 dxe4 14. Nf4 exf3 15. gxf3 P@e5 16. Nxg6 hxg6 17. d5 
N@g2+ 18. Kd1 N@f4 19. Bxf4 Nxf4 20. dxc6 Nxe2 21. B@b5 P@g2 22. P@d7+ Bxd7 
23. cxd7+ Qxd7 24. Bxd7+ Kxd7 25. B@b5+ P@c6 26. Q@b7+ Ke8 27. Bxc6# 
{Tecumseh resigns} 1-0

[Event "fics rated crazyhouse match"]
[Site "fics, Oklahoma City, OK USA"]
[Date "2000.01.18"]
[White "LSS"]
[WhiteElo "2410"]
[Black "BEO"]
[BlackElo "2184"]
[TimeControl "180+0"]
[Result "0-1"]

1. e4 Nc6 2. d4 Nf6 3. Nc3 e6 4. Nf3 Bb4 5. Bd3 d5 6. e5 
Ne4 7. Bd2 Bxc3 8. bxc3 Nxd2 9. Qxd2 N@e4 10. Bxe4 dxe4 11. Ng5 B@h6 
12. B@f4 B@b2 13. O-O Bxa1 14. Rxa1 R@g6 15. N@h3 Bxg5 16. Bxg5 f6 17. B@h5 
fxg5 18. Bxg6+ hxg6 19. Nxg5 B@g8 20. P@f7+ Bxf7 21. Nxf7 Kxf7 22. N@g5+ Qxg5 
23. Qxg5 N@h3+ 24. Kf1 B@a6+ 25. B@e2 Bxe2+ 26. Kxe2 N@f4+ 27. Qxf4+ Nxf4+ 28. Ke3 
Q@e2+ 29. Kxf4 Rh4+ 30. Kg5 Qg4# 
{LSS checkmated} 0-1

[Event "fics rated crazyhouse match"]
[Site "fics, Oklahoma City, OK USA"]
[Date "2000.01.18"]
[White "BEO"]
[WhiteElo "2197"]
[Black "LSS"]
[BlackElo "2397"]
[TimeControl "180+0"]
[Result "1-0"]

1. e4 e6 2. d4 d5 3. exd5 exd5 4. Nf3 Nf6 5. Bb5+ c6 6. Qe2+ 
Be7 7. Bf4 cxb5 8. P@c7 B@a5+ 9. Nc3 Bxc7 10. Bxc7 Qxc7 11. Nxb5 Qd7 
12. B@d6 Nc6 13. Nc7+ Qxc7 14. Bxc7 O-O 15. Be5 P@e4 16. Nd2 B@a6 17. P@b5 
P@d3 18. cxd3 N@c2+ 19. Kf1 Nxa1 20. bxa6 R@c1+ 21. B@e1 exd3 22. Qxd3 bxa6 
23. P@g5 Nxe5 24. dxe5 B@b5 25. P@c4 Ne4 26. N@f6+ Bxf6 27. gxf6 Nxd2+ 28. Qxd2 
Bxc4+ 29. B@e2 Bxe2+ 30. Qxe2 B@h6 31. fxg7 Bxg7 32. P@f6 Rxe1+ 33. Qxe1 B@b5+ 
34. B@e2 Bxe2+ 35. Qxe2 P@h3 36. N@e7+ Kh8 37. fxg7+ Kxg7 38. Q@f6# 
{LSS checkmated} 1-0

[Event "fics rated crazyhouse match"]
[Site "fics, Oklahoma City, OK USA"]
[Date "2000.01.18"]
[White "LSS"]
[WhiteElo "2385"]
[Black "BEO"]
[BlackElo "2209"]
[TimeControl "180+0"]
[Result "1-0"]

1. e4 e6 2. d4 d5 3. exd5 exd5 4. Bb5+ Bd7 5. Qe2+ Be7 6. Nc3 
Bxb5 7. Qxb5+ B@c6 8. Qe2 Nf6 9. Nf3 Nbd7 10. O-O Ne4 11. B@h3 Ndf6 
12. Ne5 Nxc3 13. bxc3 N@e4 14. P@e6 fxe6 15. Bxe6 Nxc3 16. Bf7+ Kf8 17. N@e6# 
{BEO checkmated} 1-0

[Event "fics rated crazyhouse match"]
[Site "fics, Oklahoma City, OK USA"]
[Date "2000.01.18"]
[White "BEO"]
[WhiteElo "2205"]
[Black "LSS"]
[BlackElo "2389"]
[TimeControl "180+0"]
[Result "0-1"]

1. e4 e6 2. d4 d5 3. e5 c5 4. Nf3 Nc6 5. Bf4 Qb6 6. Nc3 
Qxb2 7. Na4 Qa3 8. Nxc5 Bxc5 9. dxc5 Qxc5 10. B@d6 Qa5+ 11. Bd2 P@c3 
12. Be3 d4 13. Nxd4 P@d2+ 14. Ke2 Nxd4+ 15. Bxd4 N@c1+ 16. Kf3 Qd5+ 17. Kg3 
N@f5+ 18. Kh3 Qxd4 19. N@c7+ Kd7 20. Bb5+ B@c6 21. Bxc6+ bxc6 22. P@g4 h5 
23. gxf5 B@g4+ 24. Kg3 h4# 
{BEO checkmated} 0-1

[Event "fics rated crazyhouse match"]
[Site "fics, Oklahoma City, OK USA"]
[Date "2000.01.18"]
[White "LSS"]
[WhiteElo "2393"]
[Black "BEO"]
[BlackElo "2201"]
[TimeControl "180+0"]
[Result "1-0"]

1. e4 Nf6 2. e5 Nd5 3. Nc3 Nxc3 4. dxc3 d6 5. Nf3 Nc6 6. Bb5 
Bg4 7. exd6 exd6 8. O-O Bxf3 9. Qxf3 N@e5 10. Qe2 Be7 11. N@h5 Rg8 
12. B@e4 P@g6 13. Nf4 Kf8 14. Bbxc6 Nxc6 15. Bxc6 bxc6 16. N@e6+ fxe6 17. Nxe6+ 
Ke8 18. P@f7+ Kxf7 19. Nxd8+ Raxd8 20. Q@e6+ Kf8 21. Qxe7# 
{BEO checkmated} 1-0

[Event "fics rated crazyhouse match"]
[Site "fics, Oklahoma City, OK USA"]
[Date "2000.01.18"]
[White "BEO"]
[WhiteElo "2197"]
[Black "LSS"]
[BlackElo "2397"]
[TimeControl "180+0"]
[Result "1-0"]

1. e4 e6 2. d4 d5 3. e5 c5 4. Nf3 Nc6 5. Bb5 Bd7 6. Nc3 
cxd4 7. Bxc6 dxc3 8. Bxd7+ Qxd7 9. bxc3 N@e4 10. O-O Nxc3 11. Qe1 P@e2 
12. Qxc3 exf1=Q+ 13. Kxf1 B@b4 14. N@c7+ Kd8 15. B@h4+ Bfe7 16. Qxb4 Qxc7 17. P@d6 
R@h1+ 18. B@g1 P@e2+ 19. Kxe2 N@c3+ 20. Ke1 
{LSS resigns} 1-0

[Event "fics rated crazyhouse match"]
[Site "fics, Oklahoma City, OK USA"]
[Date "2000.01.18"]
[White "BLUNDERMONSTER"]
[WhiteElo "2284"]
[Black "Ephemera"]
[BlackElo "2146"]
[TimeControl "180+0"]
[Result "1-0"]

1. e4 e5 2. Nf3 Nc6 3. Bc4 Bc5 4. O-O Nf6 5. Nc3 d6 6. d3 
Bg4 7. Bb5 h6 8. Nd5 O-O 9. Nxf6+ Qxf6 10. N@d5 Qe6 11. Nxc7 Qf6 
12. Nd5 Qe6 13. P@f5 Qd7 14. Bxc6 bxc6 15. Ne3 B@h5 16. Nxg4 Bxg4 17. Be3 
N@f4 18. Bxf4 exf4 19. d4 Bxd4 20. Nxd4 Bxd1 21. Rfxd1 f3 22. Nxf3 B@e2 
23. B@g4 Bxf3 24. Bxf3 N@e5 25. B@e2 N@f4 26. B@g4 Nxf3+ 27. Bgxf3 P@h3 28. B@f1 
hxg2 29. B3xg2 P@h3 30. Bxh3 Nxh3+ 31. Bxh3 B@e5 32. P@g3 Rab8 33. P@e6 fxe6 
34. P@g6 exf5 35. exf5 B@d4 36. P@h7+ Kh8 37. N@f7+ Rxf7 38. gxf7 Bxf2+ 39. Kh1 
N@c5 40. N@g6+ Kxh7 41. N@f8+ Rxf8 42. Nxf8+ Kh8 43. R@h7# 
{Ephemera checkmated} 1-0

[Event "fics rated crazyhouse match"]
[Site "fics, Oklahoma City, OK USA"]
[Date "2000.01.18"]
[White "Ephemera"]
[WhiteElo "2141"]
[Black "LSS"]
[BlackElo "2385"]
[TimeControl "180+0"]
[Result "0-1"]

1. e4 e6 2. d4 d5 3. Nc3 Nc6 4. e5 Nge7 5. Bg5 h6 6. Bxe7 
Qxe7 7. Nf3 Qb4 8. Rb1 B@a5 9. Bb5 Qxb2 10. Rxb2 Bxc3+ 11. Kf1 Bxb2 
12. N@d3 N@c3 13. Qe1 P@e2+ 14. Kg1 R@f1+ 15. Qxf1 exf1=R+ 16. Kxf1 Nxb5 17. Nxb2 
Q@c1+ 18. B@e1 Qxb2 19. P@d6 B@c4+ 20. R@d3 cxd6 21. exd6 Bxd6 22. P@e5 Qxc2 
23. Q@d2 Bxd3# 
{Ephemera resigns} 0-1

[Event "fics rated crazyhouse match"]
[Site "fics, Oklahoma City, OK USA"]
[Date "2000.01.18"]
[White "LSS"]
[WhiteElo "2388"]
[Black "Ephemera"]
[BlackElo "2138"]
[TimeControl "180+0"]
[Result "0-1"]

1. e4 e5 2. Nf3 Nc6 3. Bb5 Bc5 4. O-O Nd4 5. Bc4 d6 6. d3 
Bg4 7. Bxf7+ Kxf7 8. Nxe5+ dxe5 9. Qxg4 Nf6 10. B@c4+ Kf8 11. Qh3 B@g4 
12. P@h6 Bxh3 13. hxg7+ Kxg7 14. P@h6+ Kg6 15. gxh3 Ne2+ 16. Kh1 P@g2+ 17. Kxg2 
N@h4+ 18. Kh1 Q@g2# 
{LSS checkmated} 0-1

[Event "fics rated crazyhouse match"]
[Site "fics, Oklahoma City, OK USA"]
[Date "2000.01.18"]
[White "Ephemera"]
[WhiteElo "2151"]
[Black "LSS"]
[BlackElo "2375"]
[TimeControl "180+0"]
[Result "1-0"]

1. e4 e6 2. d4 d5 3. e5 c5 4. Nf3 Nc6 5. Bb5 Bd7 6. Bxc6 
Bxc6 7. O-O B@e4 8. dxc5 Bxc5 9. P@d6 Rc8 10. Nc3 Bxf3 11. Qxf3 d4 
12. Ne4 Bxe4 13. Qxe4 P@d5 14. B@b5+ N@c6 15. Qg4 N@g6 16. B@g5 Qd7 17. Bxc6 
bxc6 18. N@h5 B@f8 19. N@d3 Bb6 20. a4 h6 21. Bh4 Nxh4 22. Nxg7+ Bxg7 
23. Qxg7 Ng6 24. P@h5 N@f5 25. Qxg6 fxg6 26. hxg6 Nge7 27. B@f7+ Kd8 28. N@f6 
B@e4 29. dxe7+ Qxe7 30. P@d6 Qxf6 31. exf6 N@h3+ 32. Kh1 Bxg2+ 33. Kxg2 Nh4+ 
34. Kxh3 Q@g2+ 35. Kxh4 P@g5+ 36. Kh5 
{LSS forfeits on time} 1-0

[Event "fics rated crazyhouse match"]
[Site "fics, Oklahoma City, OK USA"]
[Date "2000.01.18"]
[White "LSS"]
[WhiteElo "2363"]
[Black "Ephemera"]
[BlackElo "2164"]
[TimeControl "180+0"]
[Result "1/2-1/2"]

1. e4 e5 2. Bc4 Bc5 3. Bxf7+ Kxf7 4. Qh5+ B@g6 5. Qxe5 d5 6. exd5 
Nf6 7. P@e6+ Kf8 8. d4 Bd6 9. Qg5 Bb4+ 10. Nc3 Qxd5 11. Qxd5 Nxd5 
12. Q@d8+ Q@e8 13. Qxe8+ Kxe8 14. P@f7+ Kd8 15. Q@g8+ Q@f8 16. Qxh8 Qxh8 17. R@g8+ 
Q@f8 18. Rxh8 Qxh8 19. Q@g8+ R@f8 20. Qxh8 Rxh8 21. Q@g8+ Q@f8 22. Qxh8 Qxh8 
23. R@g8+ Q@f8 24. Rxh8 Qxh8 25. Q@g8+ R@f8 26. Qxh8 Rxh8 27. Q@g8# 
{Game drawn by mutual agreement} 1/2-1/2

[Event "fics rated crazyhouse match"]
[Site "fics, Oklahoma City, OK USA"]
[Date "2000.01.18"]
[White "Ephemera"]
[WhiteElo "2168"]
[Black "LSS"]
[BlackElo "2359"]
[TimeControl "180+0"]
[Result "0-1"]

1. e4 e6 2. d4 d5 3. Nc3 Bb4 4. e5 Ne7 5. Bg5 h6 6. Bxe7 
Qxe7 7. N@h5 Qf8 8. Bd3 Nc6 9. Nf3 B@a5 10. O-O Bxc3 11. bxc3 Bxc3 
12. Rb1 P@g6 13. B@c5 gxh5 14. Bxf8 Kxf8 15. Rb3 Ba5 16. Bb5 B@e7 17. Bxc6 
bxc6 18. N@c5 B@g4 19. h3 Bf5 20. Qb1 N@b6 21. Kh1 N@f4 22. Qc1 Nxg2 
23. Kxg2 P@g4 24. Ng1 gxh3+ 25. Nxh3 Bxh3+ 26. Kxh3 P@g4+ 27. Kh2 N@f3+ 28. Kh1 
Nxd4 29. B@f6 gxf6 30. exf6 Bxf6 31. Rxb6 P@g2+ 32. Kxg2 B@h3+ 33. Kh2 Nf3+ 
34. Kg3 h4+ 35. Kf4 Bg5# 
{Ephemera checkmated} 0-1

[Event "fics rated crazyhouse match"]
[Site "fics, Oklahoma City, OK USA"]
[Date "2000.01.18"]
[White "LSS"]
[WhiteElo "2363"]
[Black "Ephemera"]
[BlackElo "2164"]
[TimeControl "180+0"]
[Result "0-1"]

1. e4 e5 2. Bc4 Bc5 3. Bxf7+ Kxf7 4. Qh5+ Kf8 5. Qxe5 d6 6. Qf4+ 
Nf6 7. Nf3 B@e5 8. Nxe5 dxe5 9. Qxe5 Bxf2+ 10. Kf1 Nc6 11. B@a3+ P@b4 
12. Qf4 bxa3 13. Qxf2 N@g4 14. Qe2 B@c5 15. P@c3 Nf2 16. Rg1 N2xe4 17. d4 
Bxd4 18. cxd4 Nxd4 19. P@h6 Nxe2 20. hxg7+ Kxg7 21. B@h6+ Kg6 22. B@e1 P@f2 
23. Bxf2 Nxf2 24. g4 B@h3+ 25. Kxf2 Ne4+ 26. Ke3 Qd4+ 27. Kf3 Q@f2# 
{LSS checkmated} 0-1

[Event "fics rated crazyhouse match"]
[Site "fics, Oklahoma City, OK USA"]
[Date "2000.01.18"]
[White "Ephemera"]
[WhiteElo "2176"]
[Black "LSS"]
[BlackElo "2351"]
[TimeControl "180+0"]
[Result "0-1"]

1. e4 e6 2. d4 d5 3. e5 c5 4. Nf3 Nc6 5. Bb5 Bd7 6. Bxc6 
Bxc6 7. O-O B@g4 8. dxc5 Bxc5 9. P@d6 Rc8 10. Nc3 d4 11. N@c7+ Rxc7 
12. dxc7 Qxc7 13. R@g3 Bgxf3 14. gxf3 dxc3 15. B@d6 Bxd6 16. exd6 Qd7 17. bxc3 
N@h4 18. P@g2 N@f5 19. B@e5 f6 20. Bd4 e5 21. Re1 P@e6 22. Ba3 exd4 
23. cxd4 B@f4 24. d5 Bxg3 25. hxg3 N@h3+ 26. gxh3 R@g2+ 27. Kh1 Rxf2 28. B@g1 
Nxg3# 
{Ephemera checkmated} 0-1

[Event "fics rated crazyhouse match"]
[Site "fics, Oklahoma City, OK USA"]
[Date "2000.01.18"]
[White "LSS"]
[WhiteElo "2355"]
[Black "Firefly"]
[BlackElo "2507"]
[TimeControl "180+0"]
[Result "0-1"]

1. e4 e6 2. d4 Nc6 3. Nf3 d5 4. e5 Nge7 5. Bg5 h6 6. Bh4 
g5 7. Bg3 Nf5 8. Bb5 Be7 9. Bxc6+ bxc6 10. Nc3 Ba6 11. h4 g4 
12. Nh2 h5 13. Nxg4 hxg4 14. Qxg4 Qd7 15. P@f6 Bb4 16. N@g7+ Kd8 17. Nxf5 
exf5 18. P@e7+ Kc8 19. Qg7 Qe8 20. Qxh8 Qxh8 21. R@d8+ Kb7 22. O-O-O Rxd8 
23. exd8=N+ Qxd8 24. R@b3 R@a1+ 25. N@b1 B@a5 26. Rhe1 P@c4 27. Re3 cxb3 28. cxb3 
Bxc3 29. Rxc3 Bxc3 30. bxc3 Rxa2 
{LSS resigns} 0-1

[Event "fics rated crazyhouse match"]
[Site "fics, Oklahoma City, OK USA"]
[Date "2000.01.18"]
[White "Firefly"]
[WhiteElo "2512"]
[Black "LSS"]
[BlackElo "2350"]
[TimeControl "180+0"]
[Result "1-0"]

1. e4 e6 2. Nc3 d5 3. exd5 exd5 4. Nf3 Nf6 5. d4 Bb4 6. Bb5+ 
Bd7 7. Qe2+ P@e4 8. Ne5 O-O 9. P@h6 gxh6 10. Bxh6 Re8 11. P@d2 Bxc3 
12. bxc3 Bxb5 13. Qxb5 B@c6 14. Qe2 P@d3 15. Qe3 dxc2 16. O-O P@b2 17. Rae1 
b1=Q 18. Rxb1 cxb1=R 19. Rxb1 Nbd7 20. Qg5+ N@g6 21. B@g7 Ndxe5 22. dxe5 R@g4 
23. Qxg4 Nxg4 24. N@f6+ Nxf6 25. Bxf6 N@e2+ 26. Kh1 N@f5 27. B@h3 Q@h5 28. Bxf5 
Qxh6 29. Bxg6 hxg6 30. P@g7 Qxf6 31. exf6 Qxh2+ 32. Kxh2 B@e5+ 33. P@g3 Bxf6 
34. Q@h8# 
{LSS checkmated} 1-0

[Event "fics rated crazyhouse match"]
[Site "fics, Oklahoma City, OK USA"]
[Date "2000.01.18"]
[White "LSS"]
[WhiteElo "2345"]
[Black "Firefly"]
[BlackElo "2517"]
[TimeControl "180+0"]
[Result "0-1"]

1. e4 e6 2. Nf3 Nc6 3. d4 d5 4. e5 Nge7 5. Bg5 h6 6. Bh4 
g5 7. Nxg5 hxg5 8. Bxg5 N@e4 9. Bxe7 Qxe7 10. P@f3 Nxf2 11. Kxf2 Nxd4 
12. N@f6+ Kd8 13. Nxd5 exd5 14. P@e3 P@g3+ 15. hxg3 Rxh1 16. Qxd4 B@g1+ 17. Ke2 
N@f5 18. Qxd5+ R@d7 19. P@d6 cxd6 20. P@f6 Qxe5 21. Qxe5 dxe5 22. P@e7+ Bxe7 
23. fxe7+ Rxe7 24. Q@f8+ Q@e8 25. Qxe8+ Rxe8 26. B@c7+ Kxc7 27. N@b5+ Kd7 28. Q@c7+ 
Ke6 29. N@g5+ Kf6 30. Qxf7+ Kxg5 31. f4+ exf4 32. gxf4+ Kh4 33. Qf6+ Kg3 
34. Qg5+ B@g4+ 35. P@f3 Q@f2+ 36. Kd3 Qxe3# 
{LSS forfeits on time} 0-1

[Event "fics rated crazyhouse match"]
[Site "fics, Oklahoma City, OK USA"]
[Date "2000.01.18"]
[White "Firefly"]
[WhiteElo "2521"]
[Black "LSS"]
[BlackElo "2341"]
[TimeControl "180+0"]
[Result "1-0"]

1. e4 e6 2. Nc3 Nc6 3. d4 d5 4. exd5 exd5 5. Bb5 a6 6. Bxc6+ 
bxc6 7. Qe2+ Qe7 8. N@e5 P@d7 9. Ngf3 B@h5 10. Bf4 f6 11. P@f7+ Bxf7 
12. Nxf7 Kxf7 13. Bxc7 Nh6 14. Bf4 Nf5 15. B@h3 d6 16. Bxf5 Bxf5 17. N@g5+ 
fxg5 18. Nxg5+ Qxg5 19. Bxg5 B@e7 20. P@b7 Re8 21. P@c7 Bxg5 22. Qxe8+ Kxe8 
23. c8=Q+ B@d8 24. Q@e6+ Bxe6 25. Qxe6# 
{LSS resigns} 1-0

[Event "fics rated crazyhouse match"]
[Site "fics, Oklahoma City, OK USA"]
[Date "2001.01.18"]
[White "Blechkiste"]
[WhiteElo "2418"]
[Black "liveZ"]
[BlackElo "2337"]
[TimeControl "180+0"]
[Result "1-0"]

1. e4 e6 2. d4 Nc6 3. Be3 d5 4. e5 Nge7 5. Nh3 Nf5 6. Be2 
Bb4+ 7. c3 Be7 8. Bc1 O-O 9. Nf4 f6 10. exf6 Bxf6 11. P@g6 hxg6 
12. Nxg6 P@h7 13. Nxf8 Qxf8 14. R@g4 P@g6 15. Bd3 Bd7 16. Na3 Re8 17. Nb5 
Bd8 18. Bg5 Bxg5 19. Rxg5 B@e3 20. Rxf5 exf5 21. fxe3 Rxe3+ 22. B@e2 N@f4 
23. O-O Nxe2+ 24. Bxe2 f4 25. Nxc7 P@h3 26. Nxd5 hxg2 27. Nxe3 gxf1=R+ 28. Nxf1 
B@e3+ 29. Nxe3 fxe3 30. Bc4+ P@e6 31. R@f3 N@f5 32. N@c5 R@g5+ 33. P@g3 Ncxd4 
34. Qxd4 P@f2+ 35. Rxf2 exf2+ 36. Qxf2 R@h1+ 37. Kxh1 Nxg3+ 38. hxg3 R@h3+ 39. P@h2 
Bc6+ 40. N@e4 Bxe4+ 41. Nxe4 Qxf2 42. Bxe6+ P@f7 43. R@b8+ Q@f8 
{liveZ resigns} 1-0

[Event "fics rated crazyhouse match"]
[Site "fics, Oklahoma City, OK USA"]
[Date "2001.01.18"]
[White "liveZ"]
[WhiteElo "2331"]
[Black "Blechkiste"]
[BlackElo "2424"]
[TimeControl "180+0"]
[Result "1-0"]

1. e4 e6 2. d4 Nf6 3. Bg5 Bb4+ 4. Nd2 h6 5. Bxf6 Qxf6 6. Nf3 
Nc6 7. c3 Ba5 8. Bd3 d5 9. e5 Qe7 10. N@h5 Qf8 11. Bb5 Bb6 
12. O-O Bd7 13. c4 dxc4 14. Nxc4 P@g6 15. Nxg7+ Qxg7 16. Nxb6 axb6 17. B@f6 
Qh7 18. Bxh8 Qxh8 19. P@f6 N@f5 20. P@g7 Nxg7 21. fxg7 Qxg7 22. N@f6+ Ke7 
23. Nxd7 Kxd7 24. d5 exd5 25. Qxd5+ P@d6 26. P@f6 Qg8 27. Bxc6+ bxc6 28. R@e7+ 
Kc8 29. Qxc6 N@e2+ 30. Kh1 Ng3+ 31. hxg3 Ra7 32. B@a6+ Rxa6 33. Qxc7# 
{Blechkiste checkmated} 1-0

[Event "fics rated crazyhouse match"]
[Site "fics, Oklahoma City, OK USA"]
[Date "2001.01.18"]
[White "Blechkiste"]
[WhiteElo "2414"]
[Black "liveZ"]
[BlackElo "2341"]
[TimeControl "180+0"]
[Result "1-0"]

1. e4 e6 2. d4 d5 3. exd5 exd5 4. Bb5+ Bd7 5. Qe2+ P@e4 6. Nc3 
Bb4 7. Bd2 Ne7 8. Nxe4 Bxd2+ 9. Nxd2 O-O 10. Bxd7 Nxd7 11. P@e6 fxe6 
12. Qxe6+ P@f7 13. Qh3 B@f5 14. Qb3 Nc6 15. Ngf3 B@e4 16. Qxb7 Bxf3 17. Nxf3 
N@a5 18. Qb5 Nf6 19. P@e5 Rb8 20. Qa4 Rb4 21. Qa3 Ne4 22. P@d3 Re8 
23. P@c3 Rb8 24. B@h4 Qd7 25. O-O Bg4 26. dxe4 dxe4 27. Ng5 P@f3 28. N@c5 
Qf5 29. B@d5 Qxg5 30. Bxf7+ Kh8 31. Bxg5 N@e2+ 32. Kh1 fxg2+ 33. Kxg2 Bf3+ 
34. Kh3 Nxe5 35. dxe5 Rxe5 36. Ne6 Rxe6 37. Bxe6 P@g4+ 38. Bxg4 Bxg4+ 39. Kxg4 
B@e6+ 40. P@f5 h5+ 41. Kxh5 P@g6+ 42. Kxg6 P@h7+ 43. Kh5 Bf7+ 44. Kg4 N@e5+ 
45. Kh3 Nac4 46. Qxa7 Re8 47. P@e7 Nxb2 48. R@f8+ Bg8 49. Rxe8 P@g4+ 50. Kg2 
{liveZ forfeits on time} 1-0